 Dungeon Crawl Stone Soup version bcrawl-1.41.1 (webtiles) character file.

Game seed: 4124974300290284896

10385934 quik the Reanimator (level 17, 0/166 HPs)
             Began as a Demonspawn Necromancer on Apr 13, 2024.
             Was a Priest of Nemelex Xobeh.
             Slain by a blizzard demon (17 damage)
             ... in a wizard's laboratory on Apr 16, 2024.
             The game lasted 05:22:56 (26996 turns).

quik the Reanimator (Demonspawn Necromancer)       Turns: 26996, Time: 05:22:57

Health: 0/166      AC: 39    Str: 14    XL:     17   Next: 11%
Magic:  32/32      EV: 14    Int: 22    God:    Nemelex Xobeh [***...]
Gold:   816        SH:  9    Dex: 16    Spells: 1/36 levels left

rFire    . . .     GDR:     38%   - Stone claws (28.7)
rCold    + . .     SeeInvis .   N - +0 buckler {reflect} {Reflect}
rNeg     + . .     Gourm    .   (armour currently unavailable)
rPois    ∞         Faith    .   P - +1 hat {Int+3} {Int+3}
rElec    +         Spirit   .   o - +1 cloak
rCorr    .         Reflect  +   (gloves currently unavailable)
MR       +++..                  (boots unavailable)
Stlth    ++........             R - amulet of regeneration
HPRegen  1.33/turn              U - ring "Afyitson" {Wiz MR++ Dex+3}
MPRegen  0.23/turn              E - +2 ring of evasion

@: statue-form, hasted (expiring)
A: claws 2, hooves 3, horns 1, cold resistance 1, demonic guardian 1, foul
stench 2, icemail, rot immunity, freezing cloud immunity
}: 1/15 runes: decaying
a: End Transformation, Draw Escape, Draw Destruction, Draw Summoning, Triple
Draw, Renounce Religion


You were in a wizard's laboratory.
You worshipped Nemelex Xobeh.
Nemelex Xobeh was most pleased with you.
You were not hungry.
You were a stone statue.
You visited 7 branches of the dungeon, and saw 27 of its levels.
You also visited: Wizlab.

You collected 2711 gold pieces.
You spent 1895 gold pieces at shops.


Innate Abilities, Weirdness & Mutations

You have very sharp fingernails.
You have hooves in place of feet.
You have a pair of small horns on your head.
Your flesh is cold resistant. (rC+)
A weak demonic guardian rushes to your aid.
You frequently emit foul miasma when damaged in melee.
A meltable icy envelope protects you from harm. (AC +10)
You are immune to rotting.
You are immune to freezing clouds.


   Skills:
 - Level 10.0 Fighting
 - Level 12.0 Slings
 - Level 2.0 Dodging
 - Level 2.0 Stealth
 - Level 13.0 Shields
 + Level 8.2 Unarmed Combat
 - Level 10.0 Spellcasting
 - Level 14.6 Necromancy
 - Level 9.0 Transmutations
   Level 0.4 Fire Magic
 - Level 9.0 Earth Magic
 - Level 9.0 Invocations
 - Level 5.0 Evocations


You had one spell level left.
You knew the following spells:

 Your Spells              Type           Power        Failure   Level  Hunger
a - Passwall              Tmut/Erth      ######..     1%          2    None
b - Borgnjor's Vile Clut  Necr/Erth      ######....   4%          6    #####..
d - Animate Dead          Necr           N/A          1%          4    #......
f - Necrotize             Necr           ######       0%          1    None
n - Dispel Undead         Necr           ######..     1%          5    ####...
s - Statue Form           Tmut/Erth      ######...    13%         6    #####..
t - Sticks to Snakes      Tmut           ######..     1%          2    None
v - Vampiric Draining     Necr           ######....   1%          3    None
y - Agony                 Necr           ######..     1%          4    #......
B - Blink                 Tloc           N/A          5%          2    None

Your spell library contained the following spells:

 Spells                   Type           Power        Failure   Level  Hunger
 Beastly Appendage        Tmut           ######       1%          1    None
 Sandblast                Erth           ######       1%          1    None
 Corona                   Hex            ##.....      3%          1    None
 Freeze                   Ice            ##....       3%          1    None
 Magic Dart               Conj           ##..         3%          1    None
 Corpse Rot               Necr           N/A          1%          2    None
 Sublimation of Blood     Necr           ######....   1%          2    None
 Spider Form              Tmut/Pois      ###          1%          3    None
 Stone Arrow              Conj/Erth      ####..       1%          3    None
 Petrify                  Tmut/Erth      ######....   1%          4    #......
 Blade Hands              Tmut           ######....   2%          5    ####...
 Lee's Rapid Deconstruct  Erth           ######....   2%          5    ####...
 Throw Frost              Conj/Ice       ##....       3%          2    None
 Bolt of Draining         Conj/Necr      #####.....   4%          5    ####...
 Call Imp                 Summ           ##....       5%          2    None
 Shackle                  Hex            ##......     5%          2    None
 Ice Form                 Ice/Tmut       ####....     6%          4    #......
 Tree Form                Hex/Tmut       N/A          6%          4    #......
 Yara's Violent Unravell  Hex/Tmut       ####......   6%          4    #......
 Conjure Flame            Conj/Fire      ##......     10%         3    None
 Inner Flame              Hex/Fire       N/A          10%         3    None
 False Image              Hex/Summ       ##......     11%         3    None
 Mephitic Cloud           Conj/Pois/Air  ##......     11%         3    None
 Ozocubu's Armour         Chrm/Ice       ##......     11%         3    None
 Cause Fear               Hex            ##........   32%         4    #......
 Summon Ice Beast         Ice/Summ       ##......     32%         4    #......
 Throw Icicle             Conj/Ice       ##......     32%         4    #......
 Dragon Form              Tmut           ######.      56%         7    ######.
 Necromutation            Tmut/Necr      ######..     86%         8    #######

Inventory:

Hand Weapons
 a - a +1 fustibalus of freezing
 w - a +0 blowgun
Missiles
 n - 1397 sling bullets
 r - 2860 arrows
 G - 5 throwing nets {=f!f}
 H - 353 poisoned needles
 Q - 5473 stones (quivered)
 S - 60 curare-tipped needles {!f}
Armour
 o - a +1 cloak (worn)
 N - a +0 buckler of reflection (worn) {Reflect}
 P - a +1 hat of intelligence (worn) {Int+3}
Jewellery
 E - a +2 ring of evasion (right claw)
 R - an amulet of regeneration (around neck)
 U - the ring "Afyitson" (left claw) {Wiz MR++ Dex+3}
   (You found it on level 7 of the Dungeon)

   [ring of wizardry]

   It improves your spell success rate.
   It affects your dexterity (+3).
   It affects your resistance to hostile enchantments.
Wands
 c - a wand of clouds (5)
 j - a wand of acid (5)
 y - a wand of charming (8)
 A - a wand of iceblast (19)
 D - a wand of digging (8)
 I - a wand of polymorph (3)
 K - a wand of disintegration (34)
 X - a wand of flame (23)
 Y - a wand of paralysis (2)
Scrolls
 g - 2 scrolls of fear {!r}
 m - 2 scrolls of immolation {!r}
 t - 10 scrolls of teleportation
 u - 3 scrolls of revelation {!r}
 z - a scroll of fog
 B - 3 scrolls of blinking {!r}
 J - a scroll of vulnerability {!r!r}
Potions
 b - 4 potions of mutation {!q!q}
 d - 4 potions of might {!q}
 f - 2 potions of cancellation {!q}
 h - 3 potions of haste {!q}
 l - 2 potions of heal wounds {!q@q1}
 p - 3 potions of invisibility {!q}
 q - 12 potions of curing {@q2}
 s - 2 potions of berserk rage {!q}
 F - 5 potions of lignification {!q!q}
 M - 3 potions of brilliance {!q}
 T - 3 potions of ambrosia {!q}
 Z - a potion of flight {!q}
Miscellaneous
 k - a phial of floods
 v - 2 boxes of beasts
 x - a lamp of fire
 C - a phantom mirror
 L - a sack of spiders
 O - a fan of gales (2/2)
Comestibles
 e - 36 rations {!d}
 i - 3 chunks of flesh

Dungeon Overview and Level Annotations

Branches:
Dungeon (12/12)            Temple (1/1) D:4            Lair (6/6) D:8
  Swamp (3/3) Lair:4       Shoals (3/3) Lair:4        Slime (0/5) Orc
    Orc (1/1) D:8             Elf (1/3) Lair:6       Depths (0/5) D:12
 Vaults: D:11-12

Altars:
Ashenzari
Dithmenos
Gozag
Hepliaklqana
Kikubaaqudgha
Lugonu
Makhleb
Nemelex Xobeh
Okawaru
Qazlal
Ru
Sif Muna
Trog
Uskayaw
Vehumet
Wu Jian
Yredelemnul
Jiyva

Shops:
D:4 :   D:6 [   D:9 %   Orc [:(*   Elf:1 }

Annotations:
D:9 2 transporters
D:11 exclusion: downstairs
D:12 ! fire giant
Lair:5 bring flying
Swamp:1 2 transporters, Brawrur's ghost, novice FrCj
Shoals:1 exclusion: downstairs

##+## §
##...## .§
##.....##
.§§#.......#
§'○∩.∩.∩.+
#i○°°°○.#
##○###○##
##28### #####
.§[ .Zt..
§§§§...
#§§§.§...
≈##§§§§..##
≈≈§##§.§§##≈≈


You could see a blizzard demon and a spriggan air mage.


Message History

The blizzard demon seems to slow down.
The spriggan air mage seems to slow down.
The ghost crab seems to slow down.
The spectral corrupter seems to slow down.
You deal a card...
You have dealt the Elixir.
You begin rapidly regenerating health and magic.
You deal a card...
You have dealt the Tomb.
Walls emerge from the floor!
You can no longer deal four cards at a time.
The blizzard demon is engulfed in spectral mist.
The blizzard demon hits you!
* * * LOW HITPOINT WARNING * * *
The blizzard demon freezes you! You resist.
* * * LOW HITPOINT WARNING * * *
The blizzard demon hits you!
* * * LOW HITPOINT WARNING * * *
The blizzard demon freezes you! You resist.
* * * LOW HITPOINT WARNING * * *
You take 19 damage, and have 29/166 hp.
Unknown command.
You barely miss the blizzard demon. You kick the blizzard demon.
The blizzard demon is engulfed in spectral mist.
The blizzard demon hits you.
* * * LOW HITPOINT WARNING * * *
The blizzard demon freezes you! You resist.
* * * LOW HITPOINT WARNING * * *
The blizzard demon hits you!
* * * LOW HITPOINT WARNING * * *
The blizzard demon freezes you! You resist.
You die...
Your body glows slightly and disappears.

Skill      XL: |  1  2  3  4  5  6  7  8  9 10 11 12 13 14 15 16 17 |
---------------+----------------------------------------------------+-----
Fighting       | 1 2 3 5 8 10 | 10.0
Spellcasting   | 3 4 6 8 10 | 10.0
Necromancy     | 5 6 8 10 14 | 14.6
Shields        | 2 3 4 8 12 13 | 13.0
Invocations    | 4 6 9 |  9.0
Slings         | 4 7 8 10 12 | 12.0
Dodging        | 2 |  2.0
Evocations     | 5 |  5.0
Earth Magic    | 2 8 9 |  9.0
Transmutations | 5 9 |  9.0
Unarmed Combat | 7 8 |  8.2
Stealth        | |  2.0
Fire Magic     | |  0.4

Action                   |  1- 3 |  4- 6 |  7- 9 | 10-12 | 13-15 | 16-18 || total
-------------------------+-------+-------+-------+-------+-------+-------++-------
Melee: Dagger            |     7 |    35 |    43 |     4 |       |       ||    89
       Kick              |     1 |     6 |    13 |     4 |    43 |    18 ||    85
       Headbutt          |       |     8 |     7 |     1 |    26 |    12 ||    54
       Hunting sling     |       |       |       |     1 |       |       ||     1
       Fustibalus        |       |       |       |       |     1 |       ||     1
       Unarmed           |       |       |       |       |     6 |    79 ||    85
 Fire: Blowgun           |       |    15 |    35 |       |    49 |     3 ||   102
       Hunting sling     |       |    12 |   147 |   173 |       |       ||   332
       Fustibalus        |       |       |       |    89 |  1039 |   156 ||  1284
Throw: Stone             |     5 |       |     5 |       |       |       ||    10
 Cast: Necrotize         |    52 |    57 |    27 |    18 |    41 |       ||   195
       Vampiric Draining |     1 |     1 |     7 |    16 |    55 |    17 ||    97
       Animate Dead      |       |       |    10 |    30 |    89 |    25 ||   154
       Agony             |       |       |    24 |    36 |    85 |    46 ||   191
       Sticks to Snakes  |       |       |     6 |    11 |     5 |     1 ||    23
       Blink             |       |       |       |       |    12 |     3 ||    15
       Conjure Flame     |       |       |       |       |     2 |       ||     2
       Dispel Undead     |       |       |       |       |     6 |       ||     6
       Borgnjor's Vile C |       |       |       |       |     2 |    25 ||    27
       Statue Form       |       |       |       |       |       |    21 ||    21
Invok: Triple Draw       |       |       |       |     4 |     5 |     1 ||    10
       Deal Four         |       |       |       |     1 |     2 |     7 ||    10
       Stack Five        |       |       |       |       |     1 |       ||     1
 Abil: Draw Summoning    |       |       |     6 |     3 |     7 |     2 ||    18
       Draw Destruction  |       |       |     3 |     1 |     2 |       ||     6
       Draw Stack        |       |       |       |       |     4 |     1 ||     5
       End Transformatio |       |       |       |       |       |     1 ||     1
Evoke: Wand              |       |       |     6 |     6 |    26 |    12 ||    50
       Lamp of fire      |       |       |       |       |     3 |       ||     3
       Box of beasts     |       |       |       |       |     2 |     2 ||     4
  Use: Scroll            |     1 |     4 |     7 |    12 |    14 |     6 ||    44
       Potion            |       |       |       |       |       |     4 ||     4
 Stab: Sleeping          |       |       |     1 |       |       |       ||     1
       Distracted        |       |       |     2 |       |       |     1 ||     3
       Paralysed         |       |       |       |     4 |       |       ||     4
       Petrified         |       |       |       |       |     6 |       ||     6
  Eat: Chunk             |     2 |     7 |    24 |    34 |    67 |    12 ||   146
       Ration            |       |     1 |     2 |     1 |     7 |     7 ||    18
Armor: Robe              |     5 |     9 |    16 |    31 |    80 |       ||   141
       Swamp dragon scal |       |       |       |       |    30 |       ||    30
       Skin              |       |       |       |       |       |   230 ||   230
Dodge: Dodged            |    11 |    32 |    68 |    46 |   214 |   208 ||   579
Block: Buckler           |       |     9 |    17 |    24 |   198 |   164 ||   412
       Reflection        |       |       |       |       |    16 |     8 ||    24
       Rpst.: Fustibalus |       |       |       |     1 |    95 |       ||    96

Levels and vault maps discovered:
D:1:      tarquinn_simple_flora_water_a, layout_basic, minmay_misc_feat_columns
D:2:      wad_pebble_path, layout_basic
D:3:      layout_loops_ring, grunt_ministairs_6, minmay_door_square,
          uniq_jessica, uniq_ijyb
D:4:      layout_loops_ring, minmay_temple_entry_fiery, serial_shops,
          nicolae_shop_stone, first_ration
D:5:      layout_basic, lemuel_crystal_altar, hangedman_feature_mirror
D:6:      layout_basic, gammafunk_ghost_cemetery, serial_shops, shop
D:7:      layout_rooms, nicolae_underground_beach
D:8:      layout_cave_pods, erik_lair_orcish_takeover,
          minmay_orc_entry_temple_small, uniq_gastronok, uniq_harold
D:9:      layout_roguey, gammafunk_temple_of_torment, serial_shops, shop
D:10:     layout_cave_pools, corexii_leaking_fountain, fountainhead
D:11:     layout_layer_cave
D:12:     grunt_enter_depths_giant_problem, layout_loops_ring,
          bhauth_vaults_entry_pokemon, grunt_livestock, minivault_19
Temple:   mainiacjoe_temple_big_plus
Lair:1:   layout_regular_city, grunt_megastairs_2
Lair:2:   layout_misc_corridors, infiniplex_staircase_pool_2,
          grunt_megastairs_4, serial_bayou_shore_b, uniq_grum
Lair:3:   layout_hall_layers, minmay_lair_oklob_chamber
Lair:4:   layout_cave_pods, swamp_mist, bhauth_shoals_entry_angry_harpies,
          minivault_11, uniq_snorg
Lair:5:   layout_cave_pods, ice2_lemuel, serial_bayou_shore_b,
          grunt_megastairs_5
Lair:6:   minmay_lair_end_enchanted_forest, layout_loops_ring,
          lemuel_fruit_fields, lemuel_fruit_tree, lemuel_fruit_fields,
          lemuel_fruit_fields, uniq_kirke, uniq_rupert
Swamp:1:  layout_falls_marsh, gammafunk_ghost_arena,
          nicolae_swamp_dense_foliage, infiniplex_staircase_pool
Swamp:2:  layout_basic_swamp, evilmike_swamp_ruin_house_1
Swamp:3:  swamp, layout_basic_swamp, swamp_pool5
Shoals:1: layout_shoals
Shoals:2: layout_shoals, nicolae_shoals_circle_sea_wall, uniq_polyphemus,
          uniq_roxanne
Shoals:3: shoals_end_grunt_garden, layout_shoals, serial_shops, shop
Orc:      grunt_orc_gardens, layout_diamond_mine, grunt_orc_garden,
          grunt_orc_garden, grunt_orc_garden, grunt_orc_garden,
          dpeg_slime_entry_enclosed_altar, uniq_azrael
Elf:1:    layout_gridlike, mu_enter_wizlab_6, serial_shops, shop, orc_legates,
          amethyst_killhole, minivault_27, hex_medium, minmay_misc_feat_rows
WizLab:   wizlab_cloud

Notes
Turn   | Place    | Note
-------+----------+-------------------------------------------
     0 | D:1      | quik the Demonspawn Necromancer began the quest for the
                  | Orb.
     0 | D:1      | Reached XP level 1. HP: 13/13 MP: 4/4
    94 | D:1      | Reached skill level 1 in Fighting
   195 | D:1      | Gained mutation: A weak demonic guardian rushes to your
                  | aid. [demonic ancestry]
   195 | D:1      | Reached XP level 2. HP: 20/22 MP: 1/6
   253 | D:1      | Reached skill level 2 in Fighting
   261 | D:1      | Identified a scroll of identify
   737 | D:1      | Identified a potion of curing
   838 | D:2      | You feel monstrous as your demonic heritage exerts itself.
   838 | D:2      | Gained mutation: You have large cloven feet. [demonic
                  | ancestry]
   838 | D:2      | Reached XP level 3. HP: 26/27 MP: 4/7
   842 | D:2      | Learned a level 3 spell: Vampiric Draining
   889 | D:2      | Got a transparent marble ring
  1012 | D:2      | Reached skill level 3 in Spellcasting
  1116 | D:2      | Gained mutation: You have a pair of small horns on your
                  | head. [demonic ancestry]
  1116 | D:2      | Reached XP level 4. HP: 29/33 MP: 1/9
  1130 | D:2      | Reached skill level 5 in Necromancy
  1518 | D:3      | Identified 2 scrolls of remove curse
  1520 | D:3      | Identified the ring of Jukillin {rPois Int+2 Dex-4 Stlth--}
                  | (You found it on level 2 of the Dungeon)
  1521 | D:3      | Identified a ring of evasion (You found it on level 1 of
                  | the Dungeon)
  1645 | D:3      | Noticed Ijyb
  1668 | D:3      | Killed Ijyb
  1669 | D:3      | Reached skill level 1 in Shields
  1778 | D:3      | Reached skill level 2 in Shields
  1788 | D:3      | Identified a potion of berserk rage
  1876 | D:3      | Got a twitching golden ring
  1878 | D:3      | Identified the ring of Hunefige {Str+2 Stlth--} (You found
                  | it on level 3 of the Dungeon)
  1967 | D:3      | Gained mutation: You have hoof-like feet. [demonic
                  | ancestry]
  1967 | D:3      | Reached XP level 5. HP: 35/38 MP: 6/10
  1975 | D:3      | Reached skill level 3 in Shields
  2262 | D:3      | Noticed Jessica
  2279 | D:3      | Killed Jessica
  2465 | D:4      | Gained mutation: Your flesh is cold resistant. (rC+)
                  | [demonic ancestry]
  2465 | D:4      | Reached XP level 6. HP: 44/44 MP: 11/11
  2497 | D:4      | Reached skill level 4 in Shields
  2589 | D:4      | Found Teodur's Book Boutique.
  2663 | D:4      | Reached skill level 6 in Necromancy
  2668 | D:4      | Learned a level 4 spell: Animate Dead
  2694 | D:4      | Found a staircase to the Ecumenical Temple.
  2700 | Temple   | Entered the Ecumenical Temple
  3065 | Temple   | Became a worshipper of Nemelex Xobeh the Trickster
  3594 | D:5      | Entered Level 5 of the Dungeon
  3594 | D:5      | Received a gift from Nemelex Xobeh
  3595 | D:5      | Identified 3 scrolls of enchant weapon
  3596 | D:5      | Identified 2 scrolls of revelation
  3596 | D:5      | Found a radiant altar of Vehumet.
  3636 | D:5      | Gained mutation: You are immune to rotting. [demonic
                  | ancestry]
  3636 | D:5      | Reached XP level 7. HP: 28/50 MP: 12/12
  3934 | D:5      | Reached skill level 7 in Necromancy
  3960 | D:5      | Found a stormy altar of Qazlal.
  3963 | D:5      | Noticed a purple ugly thing
  4248 | D:5      | Identified a potion of lignification
  4264 | D:5      | Found a sparkling altar of Nemelex Xobeh.
  4273 | D:6      | Identified 2 scrolls of teleportation
  4317 | D:6      | Found Foam Voe's Armour Shop.
  4356 | D:6      | Reached skill level 8 in Necromancy
  4367 | D:6      | Reached skill level 3 in Fighting
  4367 | D:6      | Reached skill level 1 in Invocations
  4367 | D:6      | Reached skill level 2 in Invocations
  4435 | D:6      | Reached skill level 3 in Invocations
  4599 | D:6      | Reached skill level 4 in Invocations
  4599 | D:6      | Reached XP level 8. HP: 25/58 MP: 12/14
  4763 | D:6      | Received a gift from Nemelex Xobeh
  4801 | D:6      | Identified a potion of might
  4873 | D:6      | Reached skill level 4 in Spellcasting
  5124 | D:6      | Found a runed translucent gate.
  5124 | D:6      | Found a runed translucent gate.
  5172 | D:6      | Reached skill level 4 in Fighting
  5365 | D:6      | Reached skill level 5 in Fighting
  5387 | D:6      | Found a runed translucent gate.
  5387 | D:6      | Reached * piety under Nemelex Xobeh
  5387 | D:6      | Noticed rychschax's ghost (novice GnVM)
  5387 | D:6      | Noticed tronn's ghost (amateur DjAc)
  5388 | D:6      | Noticed LaBretonne's ghost (novice VSFi)
  5434 | D:6      | Bought a +1 hat of intelligence for 160 gold pieces
  5444 | D:6      | Learned a level 4 spell: Agony
  5444 | D:6      | Bought a +1 cloak for 115 gold pieces
  5500 | D:7      | Reached skill level 1 in Slings
  5553 | D:7      | Reached skill level 2 in Slings
  5570 | D:7      | Noticed a hippogriff
  5576 | D:7      | Reached skill level 3 in Slings
  5659 | D:7      | Killed a hippogriff
  5660 | D:7      | Reached skill level 4 in Slings
  5660 | D:7      | Gained mutation: You may emit foul miasma when damaged in
                  | melee. [demonic ancestry]
  5660 | D:7      | Reached XP level 9. HP: 66/68 MP: 2/16
  5737 | D:7      | Reached skill level 5 in Slings
  6128 | D:7      | Got a steaming lead ring
  6129 | D:7      | Identified the ring "Afyitson" {Wiz MR++ Dex+3} (You found
                  | it on level 7 of the Dungeon)
  6160 | D:7      | Noticed a troll
  6171 | D:7      | Killed a troll
  6172 | D:7      | Reached skill level 6 in Slings
  6172 | D:7      | Reached skill level 5 in Invocations
  6250 | D:7      | Reached skill level 2 in Dodging
  6267 | D:7      | Identified a potion of degeneration
  6378 | D:8      | Reached skill level 6 in Invocations
  6544 | D:4      | Bought a book of Minor Magic for 260 gold pieces
  6547 | D:4      | Learned a level 2 spell: Blink
  6792 | D:8      | Reached skill level 6 in Fighting
  6792 | D:8      | Reached skill level 1 in Evocations
  6819 | D:8      | Reached skill level 2 in Evocations
  6833 | D:8      | Identified 2 potions of brilliance
  6834 | D:8      | Identified a potion of ambrosia
  6835 | D:8      | Identified 2 potions of mutation
  6890 | D:8      | Reached skill level 3 in Evocations
  6916 | D:8      | Found a staircase to the Lair.
  6940 | D:8      | Reached skill level 4 in Evocations
  7001 | D:8      | Learned a level 2 spell: Sticks to Snakes
  7181 | D:8      | Noticed Gastronok
  7236 | D:8      | Killed Gastronok
  7237 | D:8      | Reached skill level 5 in Evocations
  7237 | D:8      | Reached skill level 5 in Spellcasting
  7237 | D:8      | Reached skill level 6 in Spellcasting
  7237 | D:8      | Reached skill level 7 in Fighting
  7237 | D:8      | Reached skill level 8 in Fighting
  7237 | D:8      | Reached skill level 7 in Slings
  7237 | D:8      | Gained mutation: You have hooves in place of feet. [demonic
                  | ancestry]
  7237 | D:8      | Reached XP level 10. HP: 80/80 MP: 10/20
  7309 | D:8      | Noticed Harold
  7365 | D:8      | Killed Harold
  7366 | D:8      | Reached skill level 8 in Slings
  7366 | D:8      | Reached XP level 11. HP: 79/86 MP: 21/21
  7510 | D:8      | Found a staircase to the Orcish Mines.
  7533 | D:8      | Found a roughly hewn altar of Beogh.
  8153 | Lair:1   | Entered Level 1 of the Lair of Beasts
  8174 | Lair:1   | Reached skill level 9 in Fighting
  8301 | Lair:1   | Identified a potion of cancellation
  8302 | Lair:1   | Identified a potion of haste
  8311 | Lair:1   | Reached ** piety under Nemelex Xobeh
  8362 | Lair:1   | Reached skill level 10 in Fighting
  8387 | Lair:1   | Identified a ring of intelligence (You found it on level 1
                  | of the Lair of Beasts)
  8473 | Lair:1   | Received a gift from Nemelex Xobeh
  8547 | Lair:1   | Noticed a seven-headed hydra
  8632 | Lair:1   | Killed a seven-headed hydra
  8633 | Lair:1   | Reached skill level 9 in Slings
  8778 | Lair:1   | Received a gift from Nemelex Xobeh
  9430 | Lair:2   | Reached *** piety under Nemelex Xobeh
  9442 | Lair:2   | Reached skill level 10 in Slings
  9479 | Lair:2   | Received a gift from Nemelex Xobeh
  9557 | Lair:2   | Identified a scroll of summoning
  9606 | Lair:2   | Gained mutation: You frequently emit foul miasma when
                  | damaged in melee. [demonic ancestry]
  9606 | Lair:2   | Reached XP level 12. HP: 97/97 MP: 2/22
  9614 | Lair:2   | Reached skill level 11 in Slings
  9761 | Lair:2   | Noticed Grum
  9766 | Lair:2   | Killed Grum
  9811 | Lair:2   | Identified an amulet of the gourmand (You found it on level
                  | 2 of the Lair of Beasts)
  9812 | Lair:2   | Identified a scroll of torment
  9979 | Lair:2   | Identified a scroll of acquirement
  9980 | Lair:2   | Identified a ring of protection from magic (You acquired it
                  | on level 2 of the Lair of Beasts)
 10270 | Lair:3   | Received a gift from Nemelex Xobeh
 10279 | Lair:3   | Noticed a balrug
 10286 | Lair:3   | Reached skill level 12 in Slings
 10367 | Lair:3   | Reached skill level 7 in Invocations
 10414 | Lair:3   | Reached skill level 8 in Invocations
 10430 | Lair:3   | Reached skill level 9 in Invocations
 10507 | Lair:3   | Reached skill level 5 in Shields
 10729 | Lair:3   | Identified the +3 hunting sling "Boaskuan" {venom, rC+ rN+}
                  | (You acquired it on level 3 of the Lair of Beasts)
 10729 | Lair:3   | Identified a ring of magical power (You acquired it on
                  | level 3 of the Lair of Beasts)
 10729 | Lair:3   | Identified the Compendium of Shifting Beguiling (You
                  | acquired it on level 3 of the Lair of Beasts)
 10730 | Lair:3   | Found the +0 pair of fencer's gloves {Riposte Dex+6}
 11191 | Lair:4   | Reached skill level 6 in Shields
 11219 | Lair:4   | Learned a level 3 spell: Conjure Flame
 11222 | Lair:4   | Learned a level 2 spell: Passwall
 11293 | Lair:4   | Found a staircase to the Shoals.
 11351 | Lair:4   | Noticed Snorg
 11360 | Lair:4   | Killed Snorg
 11362 | Lair:4   | Reached skill level 7 in Shields
 11381 | Lair:4   | Found a staircase to the Swamp.
 11506 | Lair:4   | Found a runed door.
 11513 | Lair:4   | Identified a scroll of vulnerability
 11536 | Lair:4   | Reached **** piety under Nemelex Xobeh
 11572 | Lair:4   | Identified the ring of Zaorr {*Corrode Int+7 Stlth++} (You
                  | acquired it on level 4 of the Lair of Beasts)
 11608 | Lair:4   | Received a gift from Nemelex Xobeh
 11729 | Lair:4   | Noticed a death yak
 11731 | Lair:4   | Noticed a death yak
 11736 | Lair:4   | Noticed a death yak
 11738 | Lair:4   | Noticed a death yak
 11745 | Lair:4   | Noticed a death yak
 11749 | Lair:4   | Killed a death yak
 11750 | Lair:4   | Noticed a death yak
 11760 | Lair:4   | Killed a death yak
 11761 | Lair:4   | Reached skill level 8 in Shields
 11761 | Lair:4   | Gained mutation: You have sharp fingernails. [demonic
                  | ancestry]
 11761 | Lair:4   | Reached XP level 13. HP: 103/103 MP: 6/23
 11873 | Lair:4   | Reached skill level 9 in Shields
 12549 | Lair:5   | Identified a ring of dexterity (You acquired it on level 5
                  | of the Lair of Beasts)
 12640 | Lair:5   | Identified a scroll of amnesia
 12918 | Lair:5   | Reached skill level 10 in Shields
 13001 | Lair:5   | Received a gift from Nemelex Xobeh
 13414 | Lair:6   | Entered Level 6 of the Lair of Beasts
 13414 | Lair:6   | Noticed Kirke
 13416 | Lair:6   | Reached skill level 11 in Shields
 13416 | Lair:6   | Killed Kirke
 13441 | Lair:6   | Noticed Rupert
 13448 | Lair:6   | Killed Rupert
 13480 | Lair:6   | Reached skill level 12 in Shields
 13537 | Lair:6   | Reached skill level 9 in Necromancy
 13593 | Lair:6   | Received a gift from Nemelex Xobeh
 13725 | Lair:6   | Reached skill level 10 in Necromancy
 13736 | Lair:6   | Reached XP level 14. HP: 101/110 MP: 24/24
 13877 | Lair:6   | Reached skill level 11 in Necromancy
 14152 | Lair:6   | Reached skill level 12 in Necromancy
 14190 | Lair:6   | Identified 2 potions of heal wounds
 14191 | Lair:6   | Identified a scroll of enchant armour
 14423 | Lair:6   | Found a staircase to the Elven Halls.
 14786 | Lair:6   | Reached skill level 13 in Necromancy
 15604 | D:9      | Identified a potion of invisibility
 15616 | D:9      | Identified a scroll of fog
 15708 | D:9      | Found a transporter.
 15727 | D:9      | Found a transporter.
 15727 | D:9      | Found an ancient bone altar of Kikubaaqudgha.
 15738 | D:9      | Found a basalt altar of Yredelemnul.
 15743 | D:9      | Received a gift from Nemelex Xobeh
 15797 | D:9      | Identified 2 scrolls of noise
 15813 | D:9      | Found Nowit's Food Emporium.
 15958 | D:9      | Reached skill level 14 in Necromancy
 16206 | D:10     | Entered Level 10 of the Dungeon
 16749 | D:10     | Identified 3 scrolls of blinking
 16928 | D:10     | Identified a ring of ice (You found it on level 10 of the
                  | Dungeon)
 17304 | D:11     | Received a gift from Nemelex Xobeh
 17428 | D:11     | Identified the amulet "Baufew" {Acrobat SInv} (You acquired
                  | it on level 11 of the Dungeon)
 18065 | D:11     | Identified an amulet of magic regeneration (You found it on
                  | level 11 of the Dungeon)
 18215 | D:11     | Identified a ring of stealth (You found it on level 11 of
                  | the Dungeon)
 18219 | D:11     | Received a gift from Nemelex Xobeh
 18266 | D:12     | Entered Level 12 of the Dungeon
 18350 | D:12     | Reached ***** piety under Nemelex Xobeh
 18494 | D:12     | Found a staircase to the Depths.
 18498 | D:12     | Noticed a fire giant
 18596 | Orc      | Entered the Orcish Mines
 18637 | Orc      | Reached skill level 13 in Shields
 18690 | Orc      | Found Byhank's Book Shop.
 18691 | Orc      | Noticed Azrael
 18704 | Orc      | Reached skill level 1 in Earth Magic
 18718 | Orc      | Killed Azrael
 18874 | Orc      | Reached skill level 7 in Spellcasting
 18881 | Orc      | Learned a level 6 spell: Borgnjor's Vile Clutch
 18995 | Orc      | Noticed a stone giant
 19001 | Orc      | Killed a stone giant
 19050 | Orc      | Received a gift from Nemelex Xobeh
 19064 | Orc      | Reached skill level 8 in Spellcasting
 19257 | Orc      | Found Ahulol's General Store.
 19280 | Orc      | Bought a scroll of immolation for 56 gold pieces
 19280 | Orc      | Bought a potion of invisibility for 128 gold pieces
 19289 | Orc      | Reached skill level 2 in Earth Magic
 19304 | Orc      | Found Unwoerr's Antique Weapon Shoppe.
 19446 | Orc      | Found Meg Roiv's Antique Armour Shop.
 19687 | Orc      | Found a viscous altar of Jiyva.
 19687 | Orc      | Found a staircase to the Slime Pits.
 19865 | D:5      | Identified a ring of wizardry (You found it on level 5 of
                  | the Dungeon)
 19999 | D:5      | Gained mutation: You have very sharp fingernails. [demonic
                  | ancestry]
 19999 | D:5      | Reached XP level 15. HP: 115/115 MP: 28/28
 20205 | D:6      | Learned a level 5 spell: Dispel Undead
 20208 | D:6      | Killed rychschax's ghost
 20209 | D:6      | Reached skill level 3 in Earth Magic
 20209 | D:6      | Killed LaBretonne's ghost
 20210 | D:6      | Killed tronn's ghost
 20396 | Swamp:1  | Entered Level 1 of the Swamp
 20399 | Swamp:1  | Received a gift from Nemelex Xobeh
 20404 | Swamp:1  | Reached skill level 4 in Earth Magic
 20576 | Swamp:1  | Found a transporter.
 20582 | Swamp:1  | Noticed Brawrur's ghost (novice FrCj)
 20585 | Swamp:1  | Found a transporter.
 20601 | Swamp:1  | Reached skill level 5 in Earth Magic
 20696 | Swamp:1  | Received a gift from Nemelex Xobeh
 21459 | Swamp:2  | Reached skill level 6 in Earth Magic
 21578 | Swamp:2  | Received a gift from Nemelex Xobeh
 21629 | Swamp:2  | Reached skill level 7 in Earth Magic
 21798 | Swamp:2  | Identified 2 potions of flight
 22163 | Swamp:2  | Reached skill level 9 in Spellcasting
 22872 | Shoals:1 | Entered Level 1 of the Shoals
 22926 | Shoals:1 | Reached skill level 8 in Earth Magic
 23226 | Shoals:1 | Identified an amulet of regeneration (You found it on level
                  | 1 of the Shoals)
 23254 | Shoals:1 | Reached skill level 10 in Spellcasting
 23255 | Shoals:1 | Reached skill level 1 in Transmutations
 23262 | Shoals:1 | Reached skill level 2 in Transmutations
 23305 | Shoals:1 | Reached skill level 3 in Transmutations
 23341 | Shoals:1 | Received a gift from Nemelex Xobeh
 23437 | Shoals:1 | Reached skill level 4 in Transmutations
 23580 | Shoals:1 | Identified a potion of resistance
 23889 | Shoals:1 | Reached skill level 5 in Transmutations
 23889 | Shoals:1 | Gained mutation: You are immune to freezing clouds.
                  | [demonic ancestry]
 23889 | Shoals:1 | Reached XP level 16. HP: 84/122 MP: 12/31
 24184 | D:5      | Learned a level 6 spell: Statue Form
 24397 | Shoals:2 | Noticed Roxanne
 24405 | Shoals:2 | Killed Roxanne
 24604 | Shoals:2 | Reached skill level 6 in Transmutations
 24633 | Shoals:2 | Reached skill level 1 in Unarmed Combat
 24757 | Shoals:2 | Noticed Polyphemus
 24839 | Shoals:2 | Killed Polyphemus
 24840 | Shoals:2 | Reached skill level 7 in Transmutations
 25016 | Shoals:2 | Received a gift from Nemelex Xobeh
 25347 | Shoals:3 | Entered Level 3 of the Shoals
 25353 | Shoals:3 | Reached skill level 8 in Transmutations
 25437 | Shoals:3 | Identified the +1 long sword of Accord {flame, *Slow rElec
                  | rC+ Str+4}
 25467 | Shoals:2 | Reached skill level 9 in Transmutations
 25809 | Swamp:3  | Entered Level 3 of the Swamp
 25880 | Swamp:3  | Received a gift from Nemelex Xobeh
 25924 | Swamp:3  | Reached skill level 9 in Earth Magic
 25931 | Swamp:3  | Reached skill level 2 in Unarmed Combat
 26106 | Swamp:3  | Reached skill level 3 in Unarmed Combat
 26177 | Swamp:3  | Reached skill level 4 in Unarmed Combat
 26201 | Swamp:3  | Reached skill level 5 in Unarmed Combat
 26295 | Swamp:3  | Reached skill level 6 in Unarmed Combat
 26479 | Swamp:3  | Identified a scroll of fear
 26487 | Swamp:3  | Reached skill level 7 in Unarmed Combat
 26527 | Swamp:3  | Gained mutation: A meltable icy envelope protects you from
                  | harm. (AC +10) [demonic ancestry]
 26527 | Swamp:3  | Reached XP level 17. HP: 128/128 MP: 29/32
 26565 | Swamp:3  | Received a gift from Nemelex Xobeh
 26672 | Swamp:3  | Got a decaying rune of Zot
 26873 | Elf:1    | Entered Level 1 of the Elven Halls
 26901 | Elf:1    | Found Bionkeem's Gadget Shop.
 26911 | Elf:1    | Bought a wand of digging (8) for 216 gold pieces
 26911 | Elf:1    | Bought a fan of gales (2/2) for 360 gold pieces
 26911 | Elf:1    | Bought a phantom mirror for 240 gold pieces
 26911 | Elf:1    | Bought a sack of spiders for 360 gold pieces
 26967 | Elf:1    | Found a magical portal.
 26974 | WizLab   | Entered The Chambers of the Cloud Mage
 26992 | WizLab   | Reached skill level 8 in Unarmed Combat
 26995 | WizLab   | HP: 41/166 [blizzard demon (7)]
 26996 | WizLab   | HP: 17/166 [blizzard demon (14)]
 26996 | WizLab   | Slain by a blizzard demon

Vanquished Creatures
  Polyphemus (Shoals:2)
  Kirke (Lair:6)
  A stone giant (Orc)
  3 ettins (Orc)
  A merfolk impaler (Shoals:2)
  A fire dragon (Swamp:3)
  9 hydras
  Harold (D:8)
  A shambling mangrove (Swamp:2)
  2 ghost crabs
  An alligator snapping turtle (Shoals:3)
  A spriggan air mage (WizLab)
  2 two-headed ogres
  2 merfolk avatars
  4 alligators
  2 satyrs (Shoals:3)
  4 death yaks
  5 sea snakes
  A centaur warrior (D:10)
  3 spriggan druids
  10 swamp dragons
  10 cyclopes
  7 harpies
  2 deep elf magi (Elf:1)
  2 apocalypse crabs (WizLab)
  3 fauns
  An ugly thing (D:5)
  3 oklob plants (Lair:3)
  4 manticores
  5 will-o'-wisps
  2 black mambas
  3 water nymphs
  7 cane toads
  The ghost of rychschax the Stinger, a novice GnVM (D:6)
  2 rime drakes (Lair:5)
  7 komodo dragons
  A freezing wraith (D:12)
  A tengu conjurer (D:10)
  The ghost of LaBretonne the Slasher, a novice VSFi of Uskayaw (D:6)
  The ghost of tronn the Ducker, an amateur DjAc (D:6)
  8 merfolk
  5 tyrant leeches
  3 wind drakes
  2 trolls
  10 hornets
  A harpy skeleton (D:11)
  A bog body (Swamp:2)
  6 slime creatures
  2 polar bears (Lair:6)
  8 dream sheep
  6 blink frogs
  7 hippogriffs
  Grum (Lair:2)
  14 spriggans
  An air elemental (WizLab)
  2 water elementals (Shoals:2)
  A wyvern (D:7)
  5 hogs (Lair:6)
  18 yaks
  A steam dragon (Orc)
  2 basilisks
  A hungry ghost (D:11)
  2 wargs (D:8)
  5 vampire mosquitoes
  4 swamp worms
  8 crocodiles
  7 water moccasins
  2 hell hounds (Orc)
  6 swamp drakes (Swamp:3)
  4 black bears
  5 porcupines
  6 ice beasts
  8 orc warriors
  3 sky beasts (D:6)
  A hornet zombie (D:11)
  A phantom (D:9)
  2 necrophages
  22 wolves
  4 ogres
  3 boggarts (Lair:6)
  A kobold brigand (D:7)
  8 bullfrogs
  2 centaurs
  4 scorpions
  4 howler monkeys
  10 orc priests
  6 crimson imps
  4 hounds
  3 jellies
  15 orc wizards
  Ijyb (D:3)
  9 worker ants
  3 iguanas
  A hound zombie (D:6)
  2 hound skeletons
  A howler monkey zombie (D:5)
  A worker ant zombie (D:4)
  2 gnolls (D:2)
  8 adders
  3 shadow imps
  2 white imps (Lair:5)
  An ooze (D:3)
  An adder skeleton (D:7)
  2 worms (D:2)
  A dart slug (D:1)
  2 leopard geckos
  40 orcs
  5 bats
  3 giant cockroaches
  8 goblins
  2 hobgoblins (D:1)
  2 jackals (D:5)
  5 quokkas
  2 frilled lizards
  19 kobolds
  4 rats
  A bush (Lair:6)
  6 fungi (Lair:6)
  8 plants
519 creatures vanquished.

Vanquished Creatures (collateral kills)
  Gastronok (D:8)
  Rupert (Lair:6)
  Roxanne (Shoals:2)
  Azrael (Orc)
  Snorg (Lair:4)
  An ettin (Orc)
  A merfolk impaler (Shoals:3)
  9 hydras
  A ghost crab (Swamp:3)
  An alligator (Swamp:1)
  A merfolk aquamancer (Shoals:3)
  A catoblepas (Shoals:2)
  5 death yaks
  3 sea snakes
  3 goliath frogs
  4 swamp dragons (Swamp:3)
  A spriggan druid (Swamp:3)
  2 cyclopes
  6 harpies
  7 fauns
  An ugly thing (D:12)
  A moth of wrath (Lair:4)
  2 merfolk sirens (Shoals:1)
  2 manticores
  5 elephants (Lair:3)
  An ice statue (Lair:5)
  3 water nymphs
  7 will-o'-wisps
  5 black mambas
  9 cane toads
  A torpor snail (Lair:4)
  2 rime drakes
  4 komodo dragons
  An ice devil (Lair:5)
  An eye of draining (D:9)
  2 trolls
  A polar bear (Lair:6)
  2 merfolk
  3 snapping turtles
  5 hornets
  A wind drake (Shoals:1)
  8 slime creatures
  5 tyrant leeches
  2 bog bodies (Swamp:1)
  4 blink frogs
  2 dream sheep (Lair:5)
  A harpy skeleton (D:12)
  4 hippogriffs
  2 spriggans (Lair:6)
  A water elemental (Shoals:2)
  A wyvern (Lair:5)
  17 yaks
  4 fire elementals (Orc)
  6 vampire mosquitoes
  A hungry ghost (D:12)
  A warg (D:8)
  5 crocodiles
  6 swamp worms
  5 water moccasins
  An orc warrior (D:10)
  2 porcupines
  12 swamp drakes
  A sky beast (D:8)
  3 ice beasts
  3 black bears (Lair:6)
  A necrophage (D:6)
  An ogre (Orc)
  17 wolves
  3 bullfrogs
  A centaur (D:8)
  2 scorpions
  A killer bee (D:6)
  A howler monkey (D:8)
  A crimson imp (D:11)
  A jelly (D:7)
  2 hounds
  4 orc wizards (D:8)
  Jessica (D:3)
  A worker ant (D:9)
  A hound zombie (D:8)
  A hound skeleton (D:9)
  A gnoll (D:2)
  2 adders
  An adder skeleton (D:8)
  10 orcs
  2 bats
  A goblin (D:1)
  A ball python (D:1)
  A kobold (D:7)
  A butterfly (Lair:6)
  7 fungi
  10 plants
283 creatures vanquished.

Vanquished Creatures (others)
  A spriggan air mage (WizLab)
  A death drake (WizLab)
  A faun (Shoals:1)
  A tyrant leech (Swamp:2)
  A hornet (Swamp:2)
  A wind drake (WizLab)
  2 air elementals (WizLab)
  A human (Lair:6)
  A yak (D:9)
  A steam dragon (D:12)
  A hell hound (Orc)
  A swamp drake (Swamp:3)
  2 wolves
  A centaur (D:5)
  An orc (D:8)
  42 fungi
  34 plants
93 creatures vanquished.

Grand Total: 895 creatures vanquished

Table legend:
 A = Turns spent in this place as a percentage of turns spent in the entire game.
 B = Non-inter-level travel turns spent in this place as a percentage of non-inter-level travel turns spent in the entire game.
 C = Inter-level travel turns spent in this place as a percentage of turns spent in this place.
 D = Turns resting spent in this place as a percentage of non-inter-level travel turns spent in this place.
 E = Turns spent auto-exploring this place as a percentage of non-inter-level travel turns spent in this place.
 F = Non-inter-level travel turns spent in this place divided by the number of levels of this place that you've seen.
                   A       B       C       D       E      F
               +-------+-------+-------+-------+-------+----------------------
         Total | 100.0 | 100.0 |  10.3 |   9.7 |  49.2 | 864.9
       Dungeon |  43.3 |  43.8 |   9.3 |   7.6 |  55.1 | 884.8
        Temple |   1.4 |   1.4 |  10.3 |   0.0 |  98.6 | 349.0
          Lair |  29.0 |  28.0 |  13.4 |  11.6 |  43.5 | 1128.3
         Swamp |  12.5 |  12.6 |   9.5 |   8.9 |  47.9 | 1017.7
        Shoals |   9.1 |   9.1 |  10.0 |  16.1 |  36.2 | 734.0
  Orcish Mines |   4.2 |   4.5 |   3.3 |  11.9 |  47.5 | 1101.0
   Elven Halls |   0.4 |   0.4 |   0.0 |   0.0 |   0.0 | 101.0
        Wizlab |   0.1 |   0.1 |   0.0 |   0.0 |   0.0 |  22.0
               +-------+-------+-------+-------+-------+----------------------

Table legend:
 A = Kills in this place as a percentage of kills in entire the game.
 B = Kills by you in this place as a percentage of kills by you in the entire game.
 C = Kills by friends in this place as a percentage of kills by friends in the entire game.
 D = Other kills in this place as a percentage of other kills in the entire game.
 E = Experience gained in this place as a percentage of experience gained in the entire game.
 F = Experience gained in this place divided by the number of levels of this place that you have seen.
                   A       B       C       D       E      F
               +-------+-------+-------+-------+-------+----------------------
         Total | 100.0 | 100.0 | 100.0 | 100.0 | 100.0 | 8005.9
       Dungeon |  34.9 |  42.7 |  20.8 |  25.0 |  11.9 | 2220.4
          Lair |  29.4 |  26.3 |  36.2 |  12.5 |  29.1 | 10858.2
         Swamp |  17.7 |  13.4 |  25.7 |  18.8 |  27.1 | 20273.7
        Shoals |  10.8 |   9.2 |  14.0 |   6.2 |  22.1 | 16521.0
  Orcish Mines |   5.6 |   6.8 |   3.4 |   6.2 |   6.7 | 14920.0
   Elven Halls |   0.3 |   0.4 |   0.0 |   0.0 |   0.5 | 1119.0
        Wizlab |   1.4 |   1.2 |   0.0 |  31.2 |   2.7 | 5949.0
               +-------+-------+-------+-------+-------+----------------------

Table legend:
 A = Non-vault XP
 B = Vault XP
 C = Vault XP percentage of total XP
 D = Non-vault monster count
 E = Vault monster count
 F = Vault count percentage of total count
                 A         B        C        D         E       F
            +---------+---------+-------+---------+---------+-------
      Total |  145683 |   78483 |  35.0 |     599 |     181 |  23.2
            +---------+---------+-------+---------+---------+-------
        D:1 |      30 |       0 |   0.0 |      16 |       0 |   0.0
        D:2 |      75 |       0 |   0.0 |      20 |       0 |   0.0
        D:3 |     175 |      95 |  35.2 |      20 |       4 |  16.7
        D:4 |     336 |       0 |   0.0 |      13 |       0 |   0.0
        D:5 |     284 |     560 |  66.4 |      10 |       2 |  16.7
        D:6 |    1190 |    1036 |  46.5 |      19 |       3 |  13.6
        D:7 |    1637 |       0 |   0.0 |      29 |       0 |   0.0
        D:8 |    1326 |    6766 |  83.6 |      23 |      19 |  45.2
        D:9 |    4664 |       0 |   0.0 |      40 |       0 |   0.0
       D:10 |    4318 |       0 |   0.0 |      29 |       0 |   0.0
       D:11 |    1855 |       0 |   0.0 |      16 |       0 |   0.0
       D:12 |    2298 |       0 |   0.0 |       9 |       0 |   0.0
     Lair:1 |    5473 |     753 |  12.1 |      20 |       4 |  16.7
     Lair:2 |    6228 |    1257 |  16.8 |      27 |       7 |  20.6
     Lair:3 |    7151 |    1735 |  19.5 |      29 |       4 |  12.1
     Lair:4 |    9030 |    3509 |  28.0 |      19 |       5 |  20.8
     Lair:5 |    7809 |    1896 |  19.5 |      31 |      12 |  27.9
     Lair:6 |    8033 |   12275 |  60.4 |      26 |      45 |  63.4
    Swamp:1 |    9092 |       0 |   0.0 |      24 |       0 |   0.0
    Swamp:2 |   16705 |       0 |   0.0 |      43 |       0 |   0.0
    Swamp:3 |   16490 |   18534 |  52.9 |      39 |      32 |  45.1
   Shoals:1 |   19786 |     896 |   4.3 |      36 |       1 |   2.7
   Shoals:2 |   13732 |    7632 |  35.7 |      29 |       6 |  17.1
   Shoals:3 |    4340 |    3177 |  42.3 |       6 |       6 |  50.0
        Orc |    2507 |   12413 |  83.2 |      24 |      20 |  45.5
      Elf:1 |    1119 |       0 |   0.0 |       2 |       0 |   0.0
     WizLab |       0 |    5949 | 100.0 |       0 |      11 | 100.0
            +---------+---------+-------+---------+---------+-------
